AoeStats
← Pocket Hunter

Nomad

509751806Analyzed
2v2 RM · 4d ago on Sep 27, 2026· 40m 34s· 4 players
Game mode
Random Map
Map size
176×176
Population
200
Speed
Normal
Resources
Standard
Victory
Conquest
Starting age
Dark Age
Ending age
Imperial Age
RankedLock teamsTeams togetherTeam positionsShared explorationLock speedFull tech treeHidden civsTurbo modeCheats
Victory
Defeat
🇺🇸 Malay · United States
718
+14
🇬🇷 Turks · Greece
615
+19
🇨🇴 Byzantines · Colombia
752
-19
🇨🇴 Spanish · Colombia
604
-14
nodier.system
6:32 Loom
19:34 Feudal Age
21:07 Arson
20:43 Man-at-Arms
22:14 Wheelbarrow
24:30 Castle Age
22:32 Double-Bit Axe
22:33 Horse Collar
22:40 Fishing Lines
23:28 Scale Mail Armor
23:29 Padded Archer Armor
23:21 Fletching
24:29 Wheelbarrow
25:10 Gillnets
25:52 Chain Mail Armor
33:12 Stone Mining
33:13 Gold Mining
34:37 Bow Saw
37:11 Hand Cart
37:47 Heavy Plow
37:59 Scale Barding Armor
BICHARNACO
13:38 Loom
18:18 Feudal Age
19:06 Fishing Lines
24:17 Castle Age
24:03 Double-Bit Axe
30:49 Stone Mining
34:35 Imperial Age
32:48 Wheelbarrow
32:49 Gillnets
35:31 Ballistics
35:47 Husbandry
37:47 Bloodlines
38:42 Elite Conquistador
zataras10
4:43 Loom
18:39 Feudal Age
23:55 Castle Age
36:50 Double-Bit Axe
37:57 Husbandry
38:08 Bloodlines
39:27 Forging
Pocket Hunter
3:15 Loom
15:42 Feudal Age
15:16 Double-Bit Axe
16:07 Wheelbarrow
15:27 Gold Mining
15:28 Fishing Lines
20:33 Castle Age
18:51 Forging
19:13 Arson
18:49 Man-at-Arms
19:37 Stone Mining
20:57 Stone Shaft Mining
20:44 Gillnets
21:43 Scale Barding Armor
23:23 Iron Casting
24:00 Fletching
24:24 Squires
23:44 Long Swordsman
25:50 Bow Saw
26:18 Gold Shaft Mining
25:42 Treadmill Crane
26:37 Thalassocracy
26:42 Husbandry
28:51 Bodkin Arrow
29:25 Medium Warships
29:40 Hand Cart
29:39 Murder Holes
35:07 Imperial Age
33:09 Town Watch
33:50 Padded Archer Armor
33:12 Pikeman
34:23 Ballistics
34:32 Forced Levy
35:37 Blast Furnace
34:01 Two-Handed Swordsman
37:52 Chemistry
Connection lost

Rejoining the realm…

Still unreachable

The connection could not be restored.

Session expired

The server has moved on; the page needs a fresh start.